AoeStats
← b站江条

Arabia

505734850Analyzed
1v1 RM · 22d ago on Sep 10, 2026· 20m 37s· 2 players
Game mode
Random Map
Map size
Tiny (2 player)
Population
200
Speed
Normal
Resources
Standard
Victory
Conquest
Starting age
Dark Age
Ending age
Imperial Age
RankedLock teamsTeams togetherTeam positionsShared explorationLock speedFull tech treeHidden civsTurbo modeCheats
Victory
Defeat
🇨🇳 Maya · China
1363
+15
🇦🇷 Gurjaras · Argentina
1344
-15
一剑霜寒
6:00 Loom
10:08 Feudal Age
10:34 Man-at-Arms
18:58 Fletching
19:12 Padded Archer Armor
b站江条
0:25 Loom
9:16 Feudal Age
10:01 Double-Bit Axe
16:26 Fletching
22:27 Castle Age
20:54 Gold Mining
Connection lost

Rejoining the realm…

Still unreachable

The connection could not be restored.

Session expired

The server has moved on; the page needs a fresh start.